 Dungeon Crawl Stone Soup version 0.19-a0-160-gd53b84c (webtiles) character file.

1164 wvc the Carver (level 8, 0/60 HPs)
             Began as a Vampire Monk on May 21, 2016.
             Was a Priest of Okawaru.
             Killed from afar by Kidiri's ghost (21 damage)
             ... with a flame tongue
             ... on level 7 of the Dungeon.
             The game lasted 00:12:55 (5860 turns).

wvc the Carver (Vampire Monk)                       Turns: 5860, Time: 00:12:55

Health: 0/60       AC:  8    Str: 10    XL:     8   Next: 17%
Magic:  7/8        EV: 12    Int: 15    God:    Okawaru [***...]
Gold:   347        SH:  0    Dex: 18    Spells: 0 memorised, 7 levels left

rFire  . . .     SeeInvis +     p - +0 long sword
rCold  + . .     Gourm    .     k - +0 ring mail
rNeg   + + .     Faith    .     (no shield)
rPois  +         Spirit   .     d - +2 hat
rElec  .         Dismiss  .     e - +0 cloak
rCorr  .         Reflect  .     (no gloves)
SustAt .         Harm     .     (no boots)
MR     .....                    (no amulet)
Stlth  ++........               (no ring)
                                (no ring)

@: regenerating slowly, not resistant to hostile enchantments, unstealthy
A: fangs 3, see invisible, clever 1, unbreathing
a: Bat Form, Heroism, Renounce Religion


You were on level 7 of the Dungeon.
You worshipped Okawaru.
Okawaru was most pleased with you.
You were very thirsty.

You visited 1 branch of the dungeon, and saw 7 of its levels.
You also visited: Sewer.

You collected 347 gold pieces.

Inventory:

Hand Weapons
 j - a +0 spear
 l - a +1 dagger of venom
 p - a +0 long sword (weapon)
 w - a +0 short sword of freezing
Missiles
 a - 7 tomahawks (quivered)
Armour
 d - a +2 hat (worn)
 e - a +0 cloak (worn)
 k - a +0 ring mail (worn)
 r - a +0 robe
Jewellery
 c - an uncursed ring of teleportation
Wands
 t - a wand of flame (34/48)
Scrolls
 f - 5 scrolls of teleportation
 h - a scroll of noise
 i - a scroll of brand weapon {unknown}
 q - a scroll of identify
 s - a scroll of amnesia
 u - 2 scrolls of fog
Potions
 b - 3 potions of curing
 g - a potion of invisibility
 m - 2 potions of brilliance
 n - 2 potions of heal wounds
 o - a potion of might
 v - a potion of ambrosia {unknown}
 x - 2 potions of blood
 z - 2 potions of agility


   Skills:
 - Level 4.3 Fighting
 + Level 8.7 Long Blades
 - Level 1.1 Armour
 - Level 3.2 Dodging
 - Level 3.0 Stealth
 - Level 4.3 Unarmed Combat


You had 7 spell levels left.
You didn't know any spells.

Dungeon Overview and Level Annotations

Branches:
Dungeon (8/15)
 Temple: D:4-7         Lair: D:8-11

Altars:
Ashenzari
Okawaru
Zin

Annotations:
D:4 Kidiri's ghost, amateur HEFE
D:7 Kidiri's ghost, novice HEFE


Innate Abilities, Weirdness & Mutations

You heal slowly.
You have razor-sharp teeth.
You have supernaturally acute eyesight.
You can survive without breathing.
Your mind is acute. (Int +2)


Message History

You feel slightly more thirsty.
You climb upwards.
Level annotation: Kidiri's ghost, novice HEFE
There is a stone staircase leading down here.
No target in view!
No target in view!
Kidiri's ghost is nearby!
Found an ivory ring.
Kidiri's ghost points at you and mumbles some strange words.
The puff of flame hits you!
Kidiri's ghost gestures at you while chanting.
The puff of flame hits you!
Kidiri's ghost points at you and mumbles some strange words.
The flame tongue hits you!
Kidiri's ghost hits you but does no damage.
You miss Kidiri's ghost.
You feel like a meek peon again.
Kidiri's ghost gestures at you while chanting.
The flame tongue hits you!
You die...

#.....(....#
##.........#
#..........##.
.#.##.###......
......#......#
......#.=...#
...../......#
......!.W..#
........@.######
.........#.....#
#.#.............
#...............
#...............
................
........>.......
.#..............
#.........[....


You could see Kidiri's ghost.

Vanquished Creatures
  A sky beast (D:4)
  A black bear (D:5)
  2 phantoms
  2 ogres (D:8)
  A giant frog (D:8)
  5 killer bees
  A crimson imp (D:8)
  A hound (D:8)
  2 worker ants (D:5)
  2 hound skeletons (D:4)
  4 river rats (Sewer)
  11 adders
  An adder skeleton (D:4)
  A worm (D:4)
  5 dart slugs
  5 giant geckos
  4 orcs
  3 giant cockroaches
  8 goblins
  2 hobgoblins
  4 jackals
  4 quokkas
  4 ball pythons
  A ball python skeleton (D:4)
  2 bats
  A giant gecko skeleton (D:4)
  8 giant newts
  5 kobolds
  A quokka skeleton (D:5)
  14 rats
106 creatures vanquished.

Notes
Turn   | Place    | Note
--------------------------------------------------------------
     0 | D:1      | wvc the Vampire Monk began the quest for the Orb.
     0 | D:1      | Reached XP level 1. HP: 17/17 MP: 1/1
   213 | D:1      | Reached XP level 2. HP: 24/24 MP: 2/2
   817 | D:2      | Reached XP level 3. HP: 20/30 MP: 3/3
  1070 | D:2      | Found a shattered altar of Ashenzari.
  1312 | D:2      | Reached skill level 1 in Armour
  1445 | D:2      | Reached XP level 4. HP: 37/37 MP: 4/4
  1803 | D:3      | Reached skill level 1 in Long Blades
  2497 | D:4      | Noticed Kidiri's ghost (amateur HEFE)
  2915 | D:4      | Found an iron altar of Okawaru.
  2951 | D:4      | Became a worshipper of Warmaster Okawaru
  2951 | D:4      | Reached * piety under Okawaru
  2951 | D:4      | Reached ** piety under Okawaru
  2990 | D:4      | Reached skill level 2 in Long Blades
  3000 | D:4      | Found a glowing drain.
  3018 | Sewer    | Entered a sewer
  3101 | Sewer    | Reached XP level 5. HP: 37/42 MP: 5/5
  3280 | Sewer    | Reached skill level 3 in Long Blades
  3729 | D:4      | Found a glowing silver altar of Zin.
  3771 | D:4      | Noticed a phantom
  3837 | D:4      | Killed a phantom
  3837 | D:4      | Reached skill level 4 in Long Blades
  3837 | D:4      | Reached XP level 6. HP: 48/48 MP: 6/6
  3841 | D:4      | Noticed a sky beast
  3845 | D:4      | Killed a sky beast
  3845 | D:4      | Reached skill level 5 in Long Blades
  4258 | D:5      | Entered Level 5 of the Dungeon
  4282 | D:5      | Gained mutation: Your mind is acute. (Int +2) [potion of beneficial mutation]
  4321 | D:5      | Reached *** piety under Okawaru
  4321 | D:5      | Reached skill level 6 in Long Blades
  4321 | D:5      | Reached XP level 7. HP: 47/54 MP: 7/7
  4636 | D:5      | You fall through a shaft for 3 floors!
  4682 | D:7      | Noticed Kidiri's ghost (novice HEFE)
  4693 | D:8      | Reached skill level 7 in Long Blades
  5223 | D:8      | Reached skill level 8 in Long Blades
  5236 | D:8      | Reached XP level 8. HP: 45/60 MP: 8/8
  5860 | D:7      | Killed from afar by Kidiri's ghost

Vault maps used:
D:1:      dpeg_arrival_windows_large_door, grunt_decor_clamped
D:2:      ashenzari_altar_1
D:3:      minmay_ruptured
D:4:      old_standard_altar, gup_sewer_entry_pipe, grunt_ministairs_10,
          okawaru_gym_becter
D:5:      first_bread, uniq_menkaure
D:7:      enter_bailey_2
Sewer:    sewer_co_cracked_pipes

Skill      XL: |  1  2  3  4  5  6  7 |
---------------+----------------------+-----
Fighting       | 3 4 |  4.3
Armour         | 1 |  1.1
Long Blades    | 2 4 6 8 |  8.7
Dodging        | |  3.2
Stealth        | |  3.0
Unarmed Combat | |  4.3

Action                   |  1- 3 |  4- 6 |  7- 9 || total
-------------------------+-------+-------+-------++-------
Melee: Unarmed           |    97 |    70 |       ||   167
       Bite              |     9 |    30 |    18 ||    57
       Punch             |     1 |     5 |     3 ||     9
       Dagger            |       |    90 |    12 ||   102
       Long sword        |       |    47 |    92 ||   139
Throw: Tomahawk          |     4 |     1 |       ||     5
Invok: Heroism           |       |       |     1 ||     1
Evoke: Wand              |       |    10 |     4 ||    14
  Use: Scroll            |       |    17 |       ||    17
       Potion            |       |    12 |     2 ||    14
 Stab: Sleeping          |     3 |     6 |     1 ||    10
Armor: Robe              |     6 |     2 |       ||     8
       Ring mail         |    31 |    59 |    37 ||   127
Dodge: Dodged            |    42 |   111 |   105 ||   258
